 Dungeon Crawl Stone Soup version 0.20.1-1-g8b1a95d (webtiles) character file.

910 manon the Cudgeler (level 8, -2/46 HPs)
             Began as a Gargoyle Fighter on Aug 21, 2017.
             Was an Initiate of Ashenzari.
             Slain by an orc warrior
             ... wielding a +0 long sword
              (14 damage)
             ... on level 5 of the Dungeon.
             The game lasted 00:21:42 (4921 turns).

manon the Cudgeler (Gargoyle Fighter)               Turns: 4921, Time: 00:21:42

Health: -2/46      AC: 13    Str: 26    XL:     8   Next: 8%
Magic:  8/8        EV:  8    Int: 10    God:    Ashenzari [......]
Gold:   257        SH: 10    Dex:  9    Spells: 7/7 levels left

rFire    . . .     SeeInvis .   a - +0 flail
rCold    . . .     Gourm    .   c - +0 shield (curse)
rNeg     + . .     Faith    .   s - +0 scale mail
rPois    ∞         Spirit   .   J - +0 helmet
rElec    +         Reflect  .   (no cloak)
rCorr    +         Harm     .   (no gloves)
MR       .....                  (no boots)
Stlth    ..........             (no amulet)
Regen    0.2/turn               C - ring of resist corrosion
MPRegen  0.2/turn               (no ring)

@: mighty
A: negative energy resistance 1, electricity resistance, unbreathing,
petrification resistance, rot immunity, AC +5
a: Curse Item, Renounce Religion


You were on level 5 of the Dungeon.
You worshipped Ashenzari.
Ashenzari was noncommittal.
You were not hungry.

You visited 2 branches of the dungeon, and saw 6 of its levels.
You also visited: Sewer.

You collected 257 gold pieces.

Inventory:

Hand Weapons
 a - a +0 flail (weapon)
 b - a +0 hunting sling
Missiles
 v - 81 stones
 x - 17 bolts
 F - 8 javelins
 H - 2 throwing nets (quivered)
Armour
 c - a cursed +0 shield (worn)
 o - a +0 buckler
 s - a +0 scale mail (worn)
 J - a +0 helmet (worn)
Jewellery
 C - a ring of resist corrosion (left hand)
 G - a +3 ring of intelligence
Wands
 t - a wand of lightning (4/15)
 D - a wand of iceblast (7/15)
 I - a wand of disintegration (14/24)
Scrolls
 e - 2 scrolls of identify
 g - a scroll of recharging
 h - 4 scrolls of enchant weapon
 j - 2 scrolls of remove curse
 k - 2 scrolls of fear {unknown}
 q - 2 scrolls of amnesia {unknown}
 u - a scroll of enchant armour {unknown}
 y - 3 scrolls of fog {unknown}
 A - 4 scrolls of teleportation
Potions
 d - 2 potions of might
 l - a potion of invisibility {unknown}
 p - a potion of heal wounds {unknown}
 r - a potion of degeneration {unknown}
 w - 2 potions of magic {unknown}
 z - a potion of brilliance {unknown}
 B - 3 potions of lignification {unknown}
 E - 2 potions of berserk rage {unknown}
Comestibles
 f - 4 bread rations
 i - a royal jelly
 m - 3 meat rations
 n - a fruit


   Skills:
 - Level 3.2 Fighting
 * Level 7.7 Maces & Flails
 - Level 3.2 Armour
 + Level 6.3 Shields


You had 7 spell levels left.
You didn't know any spells.

Dungeon Overview and Level Annotations

Branches:
Dungeon (5/15)             Temple (1/1) D:5

Altars:
Ashenzari
Cheibriados
Dithmenos
Elyvilon
Fedhas
Gozag
Hepliaklqana
Kikubaaqudgha
Makhleb
Nemelex Xobeh
Okawaru
Qazlal
Ru
Sif Muna
Trog
Uskayaw
Vehumet
Xom
Yredelemnul
Zin
The Shining One


Innate Abilities, Weirdness & Mutations

You are resistant to torment.
Your stone body is resilient. (AC +5)
You are immune to poison.
You resist negative energy. (rN+)
You are resistant to electric shocks. (rElec)
You can survive without breathing.
You are immune to petrification.
You are immune to rotting.


Message History

The orc wizard mumbles some strange words.
The orc wizard seems to speed up.
You hit the orc warrior.
The orc warrior is moderately wounded.
The orc warrior hits you with a long sword!
You hit the orc warrior.
The orc warrior is heavily wounded.
The orc warrior hits you with a long sword.
You barely miss the orc warrior.
The orc warrior is heavily wounded.
The orc warrior hits you with a long sword.
You hit the orc warrior but do no damage.
The orc warrior is heavily wounded.
The orc wizard miscasts a cantrip.
The orc warrior hits you with a long sword.
* * * LOW HITPOINT WARNING * * *
Okay, then.
You feel very mighty all of a sudden.
The orc warrior hits you with a long sword!
You die...

#......# #.. ### #......# #.. ..#
######## #......# #.. ..#
#......# #......#####.. ..#
#......# #.....#.8.#... ..#
#......# #............. ..#
#......# #.....8.>.8### ..#
#......####..........## ..#
#......@oooo....#.8.#.# ..#
#......####......##...#
..########......# #########...#
....†...........# #...#
#...............# #...#
#...............# #...#
###########.################...##
#.# #................. #.#
#.################


You could see an orc warrior, 2 orc wizards and an orc.

Vanquished Creatures
  A sky beast (D:5)
  4 big kobolds (Sewer)
  A crimson imp (D:5)
  A bullfrog skeleton (D:5)
  2 hounds
  A centaur skeleton (D:5)
  An iguana (D:5)
  3 worker ants
  Ijyb (D:3)
  A howler monkey skeleton (D:4)
  5 adders
  7 gnolls
  A river rat (Sewer)
  4 oozes
  6 worms
  5 dart slugs
  A leopard gecko (D:5)
  3 orcs
  8 bats
  3 giant cockroaches
  11 goblins
  5 hobgoblins
  9 jackals
  A quokka (D:4)
  2 ball pythons
  6 frilled lizards
  15 kobolds
  15 rats
123 creatures vanquished.

Notes
Turn   | Place    | Note
-------+----------+-------------------------------------------
     0 | D:1      | manon the Gargoyle Fighter began the quest for the Orb.
     0 | D:1      | Reached XP level 1. HP: 14/14 MP: 1/1
   126 | D:1      | Reached XP level 2. HP: 18/19 MP: 2/2
   351 | D:1      | Reached skill level 3 in Maces & Flails
   855 | D:2      | Reached XP level 3. HP: 13/23 MP: 3/3
  1448 | D:2      | Reached XP level 4. HP: 26/28 MP: 4/4
  1640 | D:2      | Reached skill level 4 in Maces & Flails
  1808 | D:3      | Noticed Ijyb
  1826 | D:3      | Killed Ijyb
  1940 | D:3      | Reached XP level 5. HP: 20/32 MP: 5/5
  2071 | D:3      | Found a glowing drain.
  2123 | Sewer    | Entered a sewer
  2247 | Sewer    | Noticed a big kobold
  2248 | Sewer    | Reached skill level 5 in Maces & Flails
  2250 | Sewer    | Noticed a big kobold
  2274 | Sewer    | Killed a big kobold
  2274 | Sewer    | Reached XP level 6. HP: 26/37 MP: 6/6
  2696 | Sewer    | Reached skill level 6 in Maces & Flails
  2696 | Sewer    | Reached skill level 5 in Shields
  2711 | Sewer    | Reached XP level 7. HP: 25/41 MP: 7/7
  3868 | D:5      | Entered Level 5 of the Dungeon
  3999 | D:5      | Reached skill level 7 in Maces & Flails
  4015 | D:5      | Found a staircase to the Ecumenical Temple.
  4039 | Temple   | Entered the Ecumenical Temple
  4088 | Temple   | Became a worshipper of Ashenzari the Shackled
  4862 | D:5      | Reached XP level 8. HP: 45/46 MP: 8/8
  4921 | D:5      | Slain by an orc warrior

Skill      XL: |  1  2  3  4  5  6  7 |
---------------+----------------------+-----
Maces & Flails | 3 4 5 6 7 |  7.7
Shields        | 4 5 6 |  6.3
Fighting       | |  3.2
Armour         | |  3.2

Action                   |  1- 3 |  4- 6 |  7- 9 || total
-------------------------+-------+-------+-------++-------
Melee: Flail             |   158 |   202 |   168 ||   528
 Fire: Hunting sling     |       |    43 |    54 ||    97
Invok: Curse Item        |       |       |     1 ||     1
  Use: Potion            |       |     1 |     1 ||     2
       Scroll            |       |       |     3 ||     3
  Eat: Chunk             |     1 |     4 |     6 ||    11
       Fruit             |       |     1 |     2 ||     3
Armor: Scale mail        |    97 |   103 |    67 ||   267
Dodge: Dodged            |    67 |    86 |    50 ||   203
Block: Shield            |    55 |       |    29 ||    84
       Buckler           |    10 |    37 |    16 ||    63
